TOP OF THE 1ST |
Chesapeake Continentals batting - Pitching for Springfield Shooters : LHP César Villanueva
|
Pitching: LHP César Villanueva
|
|
Batting: RHB Tony Calhoun
|
0-0: Called Strike 0-1: Called Strike 0-2: Ground out 6-3 (Groundball, 56)
|
Batting: RHB Phil Oostermeer
|
0-0: Ball 1-0: Swinging Strike 1-1: Foul Ball, location: 2F 1-2: Fly out, F7 (Flyball, 7LM)
|
Batting: RHB Santiago Valentín
|
0-0: Ball 1-0: Ball 2-0: Ball 3-0: Base on Balls
|
Batting: RHB Gil Andersen
|
0-0: Ball 1-0: Fielders Choice at 2nd, 6-4 (Groundball, 6)
|
Top of the 1st over - 0 runs, 0 hits, 0 errors, 1 left on base; Chesapeake 0 - Springfield 0 |
BOTTOM OF THE 1ST |
Springfield Shooters batting - Pitching for Chesapeake Continentals : LHP Noe Toepfer
|
Pitching: LHP Noe Toepfer
|
|
Batting: RHB Mei Kim
|
0-0: SOLO HOME RUN (Flyball, 78XD), Distance : 392 ft
|
Batting: RHB Gianni Martin
|
0-0: Ball 1-0: Ball 2-0: Called Strike 2-1: Ground out 3-1 (Groundball, 34S)
|
Batting: RHB Karl Wade
|
0-0: Ball 1-0: Swinging Strike 1-1: SINGLE (Line Drive, 7LS)
|
Batting: RHB Fook Zhào
|
0-0: Ball 1-0: Foul Ball, location: 2F 1-1: SINGLE (Line Drive, 7LS) Karl Wade to second
|
Batting: LHB Jared Swanson
|
0-0: Fly out, F7 (Flyball, 7LSF)
|
Batting: RHB Daniel Carr
|
0-0: Ball 1-0: Called Strike 1-1: Ball 2-1: Called Strike 2-2: Foul Ball, location: 2F 2-2: Ball 3-2: Strikes out swinging
|
Bottom of the 1st over - 1 run, 3 hits, 0 errors, 2 left on base; Chesapeake 0 - Springfield 1 |
TOP OF THE 2ND |
Chesapeake Continentals batting - Pitching for Springfield Shooters : LHP César Villanueva
|
Batting: LHB Raphaël Duval
|
0-0: Called Strike 0-1: Reached on error, E3 (Groundball, 34)
|
Batting: RHB Nick Bechtel
|
0-0: Ball 1-0: Foul Ball, location: 2F 1-1: Foul Ball, location: 2F 1-2: Ball 2-2: Ball 3-2: Base on Balls Raphaël Duval to second
|
Batting: RHB Manuel Ángel
|
0-0: Reached on error, E4 (Groundball, 4M) Raphaël Duval to third Nick Bechtel to second
|
Batting: SHB Bernie Nutall
|
0-0: Foul Ball, location: 2F 0-1: Called Strike 0-2: Foul Ball, location: 2F 0-2: Ball 1-2: Ball 2-2: Foul Ball, location: 2F 2-2: Strikes out swinging
|
Batting: RHB Shou-chien Luo
|
0-0: Ball 1-0: Ball 2-0: Swinging Strike 2-1: Swinging Strike 2-2: Strikes out swinging
|
Batting: RHB Tony Calhoun
|
0-0: Ball 1-0: Called Strike 1-1: Ball 2-1: Foul Ball, location: 2F 2-2: Ball 3-2: Strikes out swinging
|
Top of the 2nd over - 0 runs, 0 hits, 2 errors, 3 left on base; Chesapeake 0 - Springfield 1 |
BOTTOM OF THE 2ND |
Springfield Shooters batting - Pitching for Chesapeake Continentals : LHP Noe Toepfer
|
Batting: RHB Nestor Tantoco
|
0-0: Called Strike 0-1: Foul Ball, location: 2F 0-2: Strikes out swinging
|
Batting: RHB Ernesto Amézaga
|
0-0: Swinging Strike 0-1: Called Strike 0-2: Strikes out looking
|
Batting: RHB Don Pokorski
|
0-0: Called Strike 0-1: Foul Ball, location: 2F 0-2: Foul Ball, location: 2F 0-2: Strikes out looking
|
Bottom of the 2nd over - 0 runs, 0 hits, 0 errors, 0 left on base; Chesapeake 0 - Springfield 1 |
TOP OF THE 3RD |
Chesapeake Continentals batting - Pitching for Springfield Shooters : LHP César Villanueva
|
Batting: RHB Phil Oostermeer
|
0-0: Fly out, F9 (Flyball, 89D)
|
Batting: RHB Santiago Valentín
|
0-0: Ball 1-0: Ball 2-0: SINGLE (Groundball, 3D)
|
Batting: RHB Gil Andersen
|
0-0: Called Strike Santiago Valentín is caught stealing 2nd base 0-1: SINGLE (Line Drive, 7LS)
|
Batting: LHB Raphaël Duval
|
0-0: Foul Ball, location: 2F 0-1: Ball 1-1: Called Strike 1-2: SINGLE (Flyball, 9LS) Gil Andersen to second Runner from 2nd tries for 3rd, SAFE, no throw
|
Batting: RHB Nick Bechtel
|
0-0: Called Strike 0-1: Ball 1-1: Ball 2-1: Called Strike 2-2: Strikes out swinging
|
Top of the 3rd over - 0 runs, 3 hits, 0 errors, 2 left on base; Chesapeake 0 - Springfield 1 |
BOTTOM OF THE 3RD |
Springfield Shooters batting - Pitching for Chesapeake Continentals : LHP Noe Toepfer
|
Batting: RHB Mei Kim
|
0-0: Ball 1-0: Ball 2-0: Ball 3-0: Called Strike 3-1: Ground out 5-3 (Groundball, 25)
|
Batting: RHB Gianni Martin
|
0-0: Ball 1-0: Ball 2-0: Ball 3-0: Called Strike 3-1: Base on Balls
|
Batting: RHB Karl Wade
|
0-0: Called Strike 0-1: Ball 1-1: Swinging Strike 1-2: Ball 2-2: Ball 3-2: Fly out, F7 (Flyball, 7S)
|
Batting: RHB Fook Zhào
|
0-0: Ball 1-0: Ball 2-0: Ball 3-0: Called Strike 3-1: Foul Ball, location: 2F 3-2: SINGLE (Line Drive, 9S) Gianni Martin to second Gianni Martin to third
|
Batting: LHB Jared Swanson
|
0-0: Ground out 4-3 (Groundball, 4)
|
Bottom of the 3rd over - 0 runs, 1 hit, 0 errors, 2 left on base; Chesapeake 0 - Springfield 1 |
TOP OF THE 4TH |
Chesapeake Continentals batting - Pitching for Springfield Shooters : LHP César Villanueva
|
Batting: RHB Manuel Ángel
|
0-0: Foul Ball, location: 2F 0-1: SINGLE (Groundball, 6D)
|
Batting: SHB Bernie Nutall
|
0-0: Swinging Strike 0-1: Ball 1-1: Ball 2-1: Grounds into double play, 4-6-3 (Groundball, 4)
|
Batting: RHB Shou-chien Luo
|
0-0: Ball 1-0: Ball 2-0: Ball 3-0: Called Strike 3-1: Foul Ball, location: 2F 3-2: SINGLE (Line Drive, 6MD)
|
Batting: RHB Tony Calhoun
|
0-0: Swinging Strike 0-1: Ball 1-1: Foul Ball, location: 2F 1-2: Foul Ball, location: 2F 1-2: Fly out, F8 (Line Drive, 8RM)
|
Top of the 4th over - 0 runs, 2 hits, 0 errors, 1 left on base; Chesapeake 0 - Springfield 1 |
BOTTOM OF THE 4TH |
Springfield Shooters batting - Pitching for Chesapeake Continentals : LHP Noe Toepfer
|
Batting: RHB Daniel Carr
|
0-0: Ball 1-0: Foul Ball, location: 2F 1-1: Ball 2-1: SINGLE (Flyball, 8RS)
|
Batting: RHB Nestor Tantoco
|
0-0: Called Strike 0-1: Foul Ball, location: 2F 0-2: Foul Ball, location: 2F 0-2: Ball 1-2: Ball 2-2: Ball 3-2: Foul Ball, location: 2F 3-2: Fielders Choice at 2nd, 3-6 (Groundball, 34)
|
Batting: RHB Ernesto Amézaga
|
0-0: Ball 1-0: Ball 2-0: Ball 3-0: Called Strike 3-1: Foul Ball, location: 2F 3-2: Strikes out looking
|
Batting: RHB Don Pokorski
|
0-0: Called Strike 0-1: Fielders Choice at 2nd, 5-4 (Groundball, 56)
|
Bottom of the 4th over - 0 runs, 1 hit, 0 errors, 1 left on base; Chesapeake 0 - Springfield 1 |
TOP OF THE 5TH |
Chesapeake Continentals batting - Pitching for Springfield Shooters : LHP César Villanueva
|
Batting: RHB Phil Oostermeer
|
0-0: Called Strike 0-1: Ball 1-1: Ball 2-1: Fly out, F9 (Flyball, 9D)
|
Batting: RHB Santiago Valentín
|
0-0: Ball 1-0: Ball 2-0: Called Strike 2-1: Called Strike 2-2: Ball 3-2: Ground out 4-3 (Groundball, 4M)
|
Batting: RHB Gil Andersen
|
0-0: Called Strike 0-1: Foul Ball, location: 2F 0-2: SINGLE (Groundball, 56D)
|
Batting: LHB Raphaël Duval
|
0-0: Called Strike 0-1: Ball 1-1: Swinging Strike 1-2: SINGLE (Flyball, 89M) Gil Andersen to second Runner from 2nd tries for 3rd, SAFE, throw made to third
|
Now in RF: Telman Gadzhiyev
|
|
Batting: RHB Nick Bechtel
|
0-0: Ball 1-0: Ball 2-0: Called Strike 2-1: Ball 3-1: Swinging Strike 3-2: Foul Ball, location: 2F 3-2: Foul Ball, location: 2F 3-2: Ground out 6-3 (Groundball, 6M)
|
Top of the 5th over - 0 runs, 2 hits, 0 errors, 2 left on base; Chesapeake 0 - Springfield 1 |
BOTTOM OF THE 5TH |
Springfield Shooters batting - Pitching for Chesapeake Continentals : LHP Noe Toepfer
|
Batting: RHB Mei Kim
|
0-0: Ball 1-0: Ground out U3 (Groundball, 3)
|
Batting: RHB Gianni Martin
|
0-0: Ball 1-0: Ball 2-0: Ground out 3-1 (Groundball, 34S)
|
Batting: RHB Karl Wade
|
0-0: Ball 1-0: Foul Ball, location: 2F 1-1: Ball 2-1: Foul Ball, location: 2F 2-2: Ball 3-2: Foul Ball, location: 2F 3-2: Base on Balls
|
Batting: RHB Fook Zhào
|
0-0: Ball 1-0: Called Strike 1-1: Foul Ball, location: 2F 1-2: Foul Ball, location: 2F 1-2: Foul Ball, location: 2F 1-2: Strikes out swinging
|
Bottom of the 5th over - 0 runs, 0 hits, 0 errors, 1 left on base; Chesapeake 0 - Springfield 1 |
TOP OF THE 6TH |
Chesapeake Continentals batting - Pitching for Springfield Shooters : LHP César Villanueva
|
Pitching: RHP Yasujiro Takayama
|
|
Batting: RHB Manuel Ángel
|
0-0: Ball 1-0: Ball 2-0: Ball 3-0: Called Strike 3-1: Foul Ball, location: 2F 3-2: Ground out 4-3 (Groundball, 4)
|
Batting: SHB Bernie Nutall
|
0-0: Called Strike 0-1: Ball 1-1: Ground out 6-3 (Groundball, 6)
|
Batting: RHB Shou-chien Luo
|
0-0: Ball 1-0: Ground out 6-3 (Groundball, 6)
|
Top of the 6th over - 0 runs, 0 hits, 0 errors, 0 left on base; Chesapeake 0 - Springfield 1 |
BOTTOM OF THE 6TH |
Springfield Shooters batting - Pitching for Chesapeake Continentals : LHP Noe Toepfer
|
Batting: RHB Telman Gadzhiyev
|
0-0: Ball 1-0: Ball 2-0: Ball 3-0: Called Strike 3-1: Fly out, F5 (Popup, 56S)
|
Batting: RHB Daniel Carr
|
0-0: Ball 1-0: Ground out 6-3 (Groundball, 6)
|
Batting: RHB Nestor Tantoco
|
0-0: SOLO HOME RUN (Flyball, 7LD), Distance : 336 ft
|
Batting: RHB Ernesto Amézaga
|
0-0: Called Strike 0-1: Ball 1-1: Called Strike 1-2: Ball 2-2: Strikes out swinging
|
Bottom of the 6th over - 1 run, 1 hit, 0 errors, 0 left on base; Chesapeake 0 - Springfield 2 |
TOP OF THE 7TH |
Chesapeake Continentals batting - Pitching for Springfield Shooters : RHP Yasujiro Takayama
|
Batting: RHB Tony Calhoun
|
0-0: Called Strike 0-1: Called Strike 0-2: SINGLE (Line Drive, 9LS)
|
Batting: RHB Phil Oostermeer
|
0-0: Ball 1-0: Called Strike 1-1: Ball 2-1: Fielders Choice at 2nd, 1-4 (Groundball, 15S)
|
Batting: RHB Santiago Valentín
|
0-0: Called Strike 0-1: Foul Ball, location: 2F 0-2: Ball 1-2: Foul Ball, location: 2F 1-2: Fly out, F9 (Flyball, 9D)
|
Batting: RHB Gil Andersen
|
0-0: Fly out, F9 (Flyball, 89S)
|
Top of the 7th over - 0 runs, 1 hit, 0 errors, 1 left on base; Chesapeake 0 - Springfield 2 |
BOTTOM OF THE 7TH |
Springfield Shooters batting - Pitching for Chesapeake Continentals : LHP Noe Toepfer
|
Pitching: LHP Nicolas Michel
|
|
Batting: RHB Don Pokorski
|
0-0: Ground out 3-1 (Groundball, 34)
|
Batting: RHB Mei Kim
|
0-0: Foul Ball, location: 2F 0-1: Reached on error, E5 (Groundball, 56)
|
Batting: RHB Gianni Martin
|
0-0: Ball 1-0: SINGLE (Flyball, 89S) Mei Kim to second Runner from 2nd tries for 3rd, SAFE, throw made at trailing runner, OUT!
|
Batting: RHB Karl Wade
|
0-0: 2-RUN HOME RUN (Flyball, 78XD), Distance : 405 ft
|
Batting: RHB Fook Zhào
|
0-0: Ball 1-0: Swinging Strike 1-1: Foul Ball, location: 2F 1-2: Ball 2-2: Strikes out swinging, 2-3 out at first.
|
Bottom of the 7th over - 2 runs, 2 hits, 1 error, 0 left on base; Chesapeake 0 - Springfield 4 |
TOP OF THE 8TH |
Chesapeake Continentals batting - Pitching for Springfield Shooters : RHP Yasujiro Takayama
|
Batting: LHB Raphaël Duval
|
0-0: Ball 1-0: Ball 2-0: Fly out, F8 (Flyball, 8RS)
|
Batting: RHB Nick Bechtel
|
0-0: Ball 1-0: Swinging Strike 1-1: Ball 2-1: Ball 3-1: Called Strike 3-2: Foul Ball, location: 2F 3-2: Base on Balls
|
Batting: RHB Manuel Ángel
|
0-0: Called Strike 0-1: Ball 1-1: Ground out 4-3 (Groundball, 34S) Nick Bechtel to second
|
Batting: SHB Bernie Nutall
|
0-0: Called Strike 0-1: Foul Ball, location: 2F 0-2: Ball 1-2: Ball 2-2: Foul Ball, location: 2F 2-2: SINGLE (Groundball, 5D) Nick Bechtel to third Runner from 3rd tries for Home, SAFE, no throw
|
Batting: RHB Shou-chien Luo
|
0-0: Called Strike 0-1: Ball 1-1: Ball 2-1: Ball 3-1: Foul Ball, location: 2F 3-2: Foul Ball, location: 2F 3-2: Strikes out swinging
|
Top of the 8th over - 1 run, 1 hit, 0 errors, 1 left on base; Chesapeake 1 - Springfield 4 |
BOTTOM OF THE 8TH |
Springfield Shooters batting - Pitching for Chesapeake Continentals : LHP Nicolas Michel
|
Batting: RHB Telman Gadzhiyev
|
0-0: Ball 1-0: Ball 2-0: Called Strike 2-1: Fly out, F7 (Flyball, 7)
|
Batting: RHB Daniel Carr
|
0-0: Ball 1-0: Called Strike 1-1: Foul Ball, location: 2F 1-2: Foul Ball, location: 2F 1-2: Ground out 6-3 (Groundball, 6)
|
Batting: RHB Nestor Tantoco
|
0-0: Ball 1-0: Ground out 5-3 (Groundball, 56)
|
Bottom of the 8th over - 0 runs, 0 hits, 0 errors, 0 left on base; Chesapeake 1 - Springfield 4 |
TOP OF THE 9TH |
Chesapeake Continentals batting - Pitching for Springfield Shooters : RHP Yasujiro Takayama
|
Pitching: RHP Ron Mingo
|
|
Batting: RHB Tony Calhoun
|
0-0: Ground out 5-3 (Groundball, 56)
|
Batting: RHB Phil Oostermeer
|
0-0: Called Strike 0-1: Foul Ball, location: 2F 0-2: Ball 1-2: Ball 2-2: Fly out, F2 (Popup, 25F)
|
Batting: RHB Santiago Valentín
|
0-0: Foul Ball, location: 2F 0-1: Ground out 6-3 (Groundball, 6)
|
Top of the 9th over - 0 runs, 0 hits, 0 errors, 0 left on base; Chesapeake 1 - Springfield 4 |
|